Cogmind - Beta 16.1 @@@ ROGUE MODE // 2026.02.11 @ 14:21:11 Player: shapeshifter Result: Destroyed by ZB-LIZ(R) with Subdweller Laser Performance ------------- Evolutions (0) 0 Regions Visited (2) 400 Robots Destroyed (24) 120 Value Destroyed (543) 543 Prototype IDs (0) 0 Alien Tech Used (0) 0 Bonus (0) 0 TOTAL SCORE: 1063 Bonus ------- None Cogmind --------- Core Integrity 0/250 Matter 108/300 Energy 99/100 System Corruption 0% Temperature Cool (6) Movement Rolling (100) Location -10/Subcaves Parts ------- > --- POWER (1) -------- (None) > --- PROPULSION (2) --- Compact Wheel Compact Wheel > --- UTILITY (2) ------ Small Storage Unit Makeshift Kinetic Plating > --- WEAPON (2) ------- Light Assault Rifle > --- INVENTORY (8) ---- Subdweller Monowheel High-capacity Matter Pod (98) Gun Armor 1B-0RG's Assimilator Peak State ------------ > --- POWER ------------ Light Ion Engine > --- PROPULSION ------- Compact Wheel Compact Wheel > --- UTILITY ---------- Small Storage Unit Makeshift Kinetic Plating > --- WEAPON ----------- Subdweller Machine Gun Barrage Gun > --- INVENTORY -------- Subdweller Monowheel High-capacity Matter Pod Gun Armor 1B-0RG's Assimilator [Rating: 20] Favorites ----------- Power Light Ion Engine Engine Light Ion Engine Propulsion Compact Wheel Treads Light Treads Wheel Compact Wheel Utility Small Storage Unit Device Seismic Detector Storage Small Storage Unit Protection Makeshift Kinetic Plating Weapon Light Assault Rifle Energy Gun Medium Laser Ballistic Gun Light Assault Rifle Launcher Grenade Launcher Build | -11 -10 -10 ------- Run | Yrd Mat Sub Slots Evolved . | . . . Power . | . . . Propulsion . | . . . Utility . | . . . Weapon . | . . . Parts Attached 17 | 7 4 6 Power 2 | 1 1 . Engine 2 | 1 1 . Core . | . . . Reactor . | . . . Propulsion 4 | 2 . 2 Treads 2 | 2 . . Leg . | . . . Wheel 2 | . . 2 Hover . | . . . Flight . | . . . Utility 3 | 2 . 1 Device 1 | 1 . . Storage 1 | 1 . . Processor . | . . . Hackware . | . . . Protection 1 | . . 1 Artifact . | . . . Weapon 8 | 2 3 3 Energy Gun 1 | 1 . . Energy Cannon . | . . . Ballistic Gun 6 | 1 2 3 Ballistic Cannon . | . . . Launcher 1 | . 1 . Special Weapon . | . . . Impact Weapon . | . . . Slashing Weapon . | . . . Piercing Weapon . | . . . Special Melee Weapon . | . . . Unidentified Prototypes . | . . . Parts Lost 7 | . 2 5 Power 1 | . . 1 Propulsion 1 | . . 1 Utility . | . . . Weapon 5 | . 2 3 Highest Loss Streak 2 | . 2 2 To Critical Strikes 1 | . . 1 Average Backups 5 | 3 5 5 Power . | . 1 . Propulsion 1 | 1 2 1 Utility 2 | . 1 2 Weapon . | . 1 . Tool/Special . | . . . Unused Backups 8 | . . 8 Power . | . . . Propulsion 2 | . . 2 Utility 5 | . . 5 Weapon . | . . . Tool/Special 1 | . . 1 Average Slot Usage (%) 94 | . 96 93 Engine 13 | . 13 13 Treads 11 | . 28 1 Wheel 16 | . . 26 Device 9 | . 14 7 Storage 14 | . 14 14 Protection 3 | . . 6 Energy Gun 2 | . 7 . Ballistic Gun 19 | . 16 21 Launcher 1 | . 1 1 Peak Build Rating 20 | 7 7 20 Average Rating 11 | 4 6 14 On Entrance 4 | . 7 7 Avg Prop Armor Cover (%) . | . . . Naked Turns . | . . . Heaviest Build 22 | 13 13 22 Greatest Support 40 | 40 40 40 Greatest Overweight (x) . | . . . Average Overweight (x) . | . . . Largest Inventory Capacity 8 | 8 8 8 Average Capacity 7 | 7 8 8 Most Carried 8 | 6 8 8 Average Carried 6 | 4 5 7 Final Capacity 8 | 8 8 8 Final Carried 8 | 5 7 8 Class Distribution -------------------- 100% | Mutant Dominant Class ---------------- Mutant | -10/Materials Mutant | -10/Subcaves Resources | -11 -10 -10 ----------- Run | Yrd Mat Sub Matter Collected 776 | 279 125 372 Remotely . | . . . Salvage Created 532 | 113 254 165 Parts 48 | 11 16 21 Haulers Intercepted . | . . . Recyclers Shooed 1 | 1 . . Parts Field Recycled . | . . . Retrieved Matter . | . . . Parts Self-Destructed 15 | . . 15 Prevented . | . . . Parts Restored . | . . . Kills | -11 -10 -10 ------- Run | Yrd Mat Sub Combat Hostiles Destroyed 20 | . 9 11 Guns 12 | . 7 5 AOE 8 | . 2 6 Classes Destroyed 6 | 2 3 1 Tunneler 2 | 2 . . Recycler 1 | 1 . . Watcher 1 | . 1 . Swarmer 9 | . 3 6 Grunt 6 | . 6 . Subdweller 5 | . . 5 Best Kill Streak 3 | 3 3 3 Combat Bots Only 3 | . 3 3 Max Kills in Single Turn 3 | 1 1 3 Gunslinging . | . . . Exploded 3 | . 1 3 Melee . | . . . Uniques/NPCs Destroyed . | . . . Combat | -11 -10 -10 -------- Run | Yrd Mat Sub Hostile Shots Fired 140 | . 59 81 Missed 49 | . 20 29 Hits 91 | . 39 52 Projectile 91 | . 39 52 Critical Strikes 5 | . . 5 Damage Taken 1259 | . 477 782 Core 257 | . 21 236 Absorbed by Shields . | . . . Ignored by Resistances 11 | . . 11 Core Remaining (%) 100 | 100 . . Volleys Fired 102 | 3 48 51 Largest 2 | 2 2 2 Hottest 70 | 70 70 58 Shots Fired 180 | 6 85 89 Gun 167 | 6 80 81 Cannon . | . . . Launcher 13 | . 5 8 Special . | . . . Kinetic 137 | 3 53 81 Thermal 30 | 3 27 . Explosive 13 | . 5 8 Electromagnetic . | . . . Robot Hit Streak 8 | 2 7 8 Robot Miss Streak 5 | 1 4 5 Penetration Max . | . . . Secondary Targets 2 | . . 2 Max Gunslinging Chain 1 | . . 1 Shots Hit Robots 81 | 4 46 31 Core Hits 41 | 4 20 17 Critical Kills . | . . . Critical Parts Destroyed 1 | . . 1 Critical Strikes 2 | . 1 1 Burn 1 | . 1 . Destroy 1 | . . 1 Melee Attacks . | . . . Impact . | . . . Slashing . | . . . Piercing . | . . . Sneak Attacks . | . . . Combat Hostiles . | . . . Follow-up Attacks . | . . . Damage Inflicted 1746 | 60 796 890 Guns 1065 | 60 578 427 Cannons . | . . . Explosions 681 | . 218 463 Melee . | . . . Ramming . | . . . Kinetic 790 | 35 328 427 Thermal 275 | 25 250 . Explosive 681 | . 218 463 Electromagnetic . | . . . Impact . | . . . Slashing . | . . . Piercing . | . . . Highest Corruption . | . . . Average Corruption . | . . . Corruption Purged . | . . . Corruption Blocked . | . . . Overload Shots . | . . . Overflow Damage . | . . . Projectiles . | . . . Explosions . | . . . Melee . | . . . Knockbacks . | . . . Impact . | . . . Kinetic . | . . . Secondary . | . . . Self-Inflicted Damage 86 | . . 86 Shots 4 | . . 4 Rammed . | . . . Targets Rammed . | . . . Kicked . | . . . Crushed . | . . . Highest Temperature 165 | 18 165 22 Average Temperature 58 | 9 62 22 Received Heat Transfer 423 | . 234 189 Siege Activations . | . . . Martial Activations . | . . . Shielding Activations . | . . . Robots Disrupted . | . . . Combat Hostiles . | . . . Robots Corrupted . | . . . Combat Hostiles . | . . . Parts Fried . | . . . Impact Corruptions . | . . . Robots Melted . | . . . Combat Hostiles . | . . . Parts Melted . | . . . Heat Transferred 888 | 74 814 . Parts Sabotaged . | . . . Parts Stolen . | . . . Parts Stripped . | . . . Power Chain Reactions . | . . . Alert | -11 -10 -10 ------- Run | Yrd Mat Sub Maximum Alert Level . | . . . Low Security (%) 100 | 100 100 . Level 1 . | . . . Level 2 . | . . . Level 3 . | . . . Level 4 . | . . . Level 5 . | . . . High Security . | . . . Max Security . | . . . Peak Influence 87 | 10 87 . Initial . | . . . Average 24 | 1 27 . Influence Increases 487 | 15 267 205 Destroy 0b10 Robot/C 300 | . 180 120 Destroy 0b10 Robot/NC 20 | 15 5 . Destroy Leader 42 | . 32 10 Successful Hack 28 | . 28 . Destroy Structure 22 | . 22 . Lose Combat Pursuer 75 | . . 75 Influence Decreases 487 | 15 267 205 Time Decay 437 | 15 247 175 Lost Part 50 | . 20 30 Squads Dispatched 2 | . 2 . Investigation 1 | . 1 . Extermination . | . . . Reinforcement 1 | . 1 . Assault . | . . . Garrison . | . . . Intercept . | . . . Searches Triggered . | . . . Construction Impeded . | . . . Haulers Reinforced . | . . . Active Scanning Responses . | . . . Cargo Convoy Interrupts . | . . . Stealth | -11 -10 -10 --------- Run | Yrd Mat Sub Distress Signals . | . . . Communications Jammed . | . . . Distress Signals . | . . . Times Spotted 35 | . 17 18 Peak Tracking Total 4 | . 4 3 Tactical Retreats 3 | . . 3 Traps | -11 -10 -10 ------- Run | Yrd Mat Sub Traps Triggered 4 | . 3 1 Indirectly . | . . . Trap Hack Attempts . | . . . Triggered . | . . . Disarmed . | . . . Reprogrammed . | . . . Reused . | . . . Traps Extracted . | . . . Installed . | . . . Triggered . | . . . Machines | -11 -10 -10 ---------- Run | Yrd Mat Sub Machines Disabled 1 | . . 1 Max in Single Turn 1 | . . 1 Machines Repaired . | . . . Machines Dismantled . | . . . Machines Sabotaged . | . . . Overloaded Fab Kills . | . . . Hacking | -11 -10 -10 --------- Run | Yrd Mat Sub Machines Accessed 6 | . 6 . Terminals 5 | . 5 . Fabricators . | . . . Repair Stations . | . . . Recycling Units 1 | . 1 . Scanalyzers . | . . . Garrison Access . | . . . Total Hacks 19 | . 19 . Successful 11 | . 11 . Failed 8 | . 8 . Catastrophic . | . . . Database Lockouts . | . . . Manual 17 | . 17 . Terminals 17 | . 17 . Fabricators . | . . . Repair Stations . | . . . Recycling Units 2 | . 2 . Scanalyzers . | . . . Garrison Access . | . . . Terminal Hacks 3 | . 3 . Registered Components 1 | . 1 . Zone Layout 2 | . 2 . Fabricator Hacks . | . . . Repair Station Hacks . | . . . Recycling Unit Hacks 1 | . 1 . Retrieve Components 1 | . 1 . Scanalyzer . | . . . Garrison Access Hacks . | . . . Unauthorized Hacks 7 | . 7 . Terminals 7 | . 7 . Botnet 3 | . 3 . Skim 4 | . 4 . Fabricators . | . . . Repair Stations . | . . . Recycling Units . | . . . Scanalyzers . | . . . Garrison Access . | . . . Data Cores Recovered . | . . . Used . | . . . Hacking Detections 4 | . 4 . Full Trace Events 1 | . 1 . Feedback Events . | . . . Feedback Blocked . | . . . Robot Schematics Acquired . | . . . Robots Built . | . . . Authchips . | . . . Time . | . . . Total Robot Build Rating . | . . . Part Schematics Acquired . | . . . Parts Built . | . . . Authchips . | . . . Time . | . . . Total Part Build Rating . | . . . Part Studies Acquired . | . . . Parts Repaired . | . . . Time . | . . . Parts Recycled . | . . . Recycled Matter . | . . . Retrieved Matter . | . . . Retrieved Components . | . . . Parts Scanalyzed . | . . . Part Schematics Acquired . | . . . Parts Damaged . | . . . Bothacking | -11 -10 -10 ------------ Run | Yrd Mat Sub Used RIF Installer . | . . . Robots Hacked . | . . . Non-combat . | . . . Combat . | . . . Robot Hacks Applied . | . . . Relay Couplers Released . | . . . Fabnet Peak Effective % . | . . . Robots Rewired . | . . . Allies Hacked . | . . . Hacks Repelled . | . . . Allies | -11 -10 -10 -------- Run | Yrd Mat Sub Total Allies . | . . . Largest Group . | . . . Highest-Rated Group . | . . . Highest-Rated Ally . | . . . Total Orders . | . . . Ally Attacks . | . . . Total Damage . | . . . Kills . | . . . Allies Corrupted . | . . . Allies Melted . | . . . Intel | -11 -10 -10 ------- Run | Yrd Mat Sub Active Infowar (turns) 1636 | 27 874 735 Seismic 1636 | 27 874 735 Robot Analysis Total . | . . . Derelict Logs Recovered . | . . . Drone Launches . | . . . Drone Recoveries . | . . . Exploration | -11 -10 -10 ------------- Run | Yrd Mat Sub Turns Passed 2386 | 119 874 1393 Spaces Moved 1681 | 69 449 1163 Core 17 | 17 . . Treads 530 | 52 449 29 Legs . | . . . Wheels 1134 | . . 1134 Hover . | . . . Flight . | . . . Fastest Speed 50 | 50 160 100 Average Speed 118 | 132 160 101 Slowest Speed 160 | 160 160 160 Overloaded Moves . | . . . Propulsion Burnouts . | . . . Robots Hopped . | . . . Potential Cave-ins . | . . . Cave-ins Triggered . | . . . Exploration Rate (%) 41 | 4 77 43 Regions Visited 2 Branch Regions 1 Pre-discovered Areas 1 | . . 1 Known Exits Taken . | . . . Unknown Exits Taken 2 | 1 1 . Scrap Searched 3 | . . 3 Spaces Dug . | . . . Terrain Destroyed 77 | . 33 44 Melee . | . . . Projectile . | . . . AOE 77 | . 33 44 Terrain Rammed . | . . . Walls Destroyed . | . . . Machines Disabled . | . . . Actions | -11 -10 -10 --------- Run | Yrd Mat Sub Total 1907 | 90 525 1292 Wait 62 | . 16 46 Move 1679 | 68 448 1163 Hop . | . . . Pick Up 27 | 12 7 8 Fast Attach 3 | . . 3 Attach 13 | 7 5 1 Detach . | . . . Swap 9 | . 1 8 Drop 12 | . . 12 Fire 102 | 3 48 51 Melee . | . . . Ram . | . . . Kick . | . . . Crush . | . . . Escape Stasis . | . . . Rewire . | . . . Trap . | . . . Miscellaneous . | . . . Route ------- -11/Scrapyard -10/Materials (discovered 6 exits: [*Mat x3] / [*Min x2] / [*Sub]) -10/Subcaves History --------- Turn | Location | Event 6 | -11/Scrapyard | Discovered new exit (range 15) 120 | -11/Scrapyard | Entered Materials 221 | -10/Materials | Discovered new exit (range 17) 221 | -10/Materials | Discovered new exit (range 16) 302 | -10/Materials | Build established: Mutant 613 | -10/Materials | Discovered new exit (range 7) 702 | -10/Materials | Discovered new exit (range 14) 787 | -10/Materials | Discovered new exit (range 8) 974 | -10/Materials | Discovered new exit (range 14) 994 | -10/Materials | Entered Subcaves 1158 | -10/Subcaves | Ambushed by Subdweller buried in earth 1223 | -10/Subcaves | Core integrity fell below 50% 1503 | -10/Subcaves | Visited 4L-MR0's lab 1524 | -10/Subcaves | Found Prototype Protection 1537 | -10/Subcaves | Found Prototype Special Melee Weapon 1561 | -10/Subcaves | A swath of the cavern ceiling suddenly collapsed 1628 | -10/Subcaves | Learned location of Zion (-6) 1628 | -10/Subcaves | Met a Zionite searching for "candidates" 1725 | -10/Subcaves | Shifting Twisted Machinery released Mak. Kinetic Plating 2224 | -10/Subcaves | Core integrity fell below 20% 2387 | -10/Subcaves | Destroyed by ZB-LIZ(R) with Subdweller Laser Last Messages --------------- 02223_ Spikes shoot up from the floor. 02223_ Critical hit (Impale). 02232_ Subatomizers dissect the Grenade Launcher. 02234_ Acquired Grenade Launcher. 02317_ IR-2JL(z) destroyed. 02319_ PO-OR9(z) destroyed. 02324_ Acquired 35 matter. 02334_ Lgt. Ion Engine destroyed. 02335_ UA-X1N(R) destroyed. 02340_ Acquired 18 matter. 02357_ 1I-QGY(R) destroyed. 02360_ EK-5NI(u) builds Twisted Machinery. 02361_ YI-0S4(R) affixes Scrap Shield Fragment to Scrap Shield. 02362_ EK-5NI(u) builds Twisted Machinery. 02363_ YI-0S4(R) destroyed. 02364_ EK-5NI(u) builds Twisted Machinery. 02377_ Critical hit (Destroy). 02377_ Grenade Launcher destroyed. Map ----- +----------------------------------------------------+ | ????????#"#"""## "" #### ##### ??????????? | | ????????##"##"#"#### # ## ##???? ???????????? | | ?????????#"### ######## #?##???? #????????????? | | ?????????####"""" #?## #?????? #????????????? | | ????????????##"" #### #?????# #????????????? | | ?????????????# # # ###### #????????????? | | ?????????????### ## # #?????????????? | | ???????????????## #?????????????? | | ????????????????# #?????????????? | | ??????????????### # ## #?????????????? | | ??????????????# ## ##?# ????????? | | ?????????????## ###### #?? " "???????? | | ?????????????# ##????## ##??# """ ????????? | | ?????????????## #?????## #??? "??????????? | | ?????????????# ##??#### ##??? #### ?????????? | | ?????????????## ##### ##??? #?????????????? | | ?????????????## ## #???? ?????????????? | | ??????????#### ##???? ????????????? | | ??????????# ### #????? ???????????? | | ??????????# ## ### ###?????? ??????????? | | ??????????# ! ## R #???????????????????? | | ????????#### & ## #???????????????????? | | ???????## # ! ####### ##??####?????????????? | | ???????# # ### ### ## ### ??????????? | | ???????# * # ### ????????? | | ???????# ! ##"" ##@ ????????? | | ???????# # "" ## #### ????????? | | ???????## ##"" ### * #??? "" ??????????? | | ????????######"" #?# | #????# "????????????? | | ?????????????####### =% ##?????? ????????????? | | ?????????????????## [ ##???????????????????? | | ????????????????## " #???????????????????? | | ????????### ???## "# ##???????????????????? | | ????????# ""## u "###????????????????????? | | ?????????# "" " #????????????????????? | | ?????????###" " #????????????????????? | | ???????????## ## " #???????????????????? | | ????????????#####?#### """" #??????????????????? | | ?????????????????????#####" #?????????????????? | | ??????????????????????????" ?????????????????? | | ??????????????????????????? ? ?????????????????? | | ?????????????????????????????? ??????????????????? | | ?????????????????????????????????????????????????? | | ?????????????????????????????????????????????????? | | ?????????????????????????????????????????????????? | | ?????????????????????????????????????????????????? | | ?????????????????????????????????????????????????? | | ?????????????????????????????????????????????????? | | ?????????????????????????????????????????????????? | | ?????????????????????????????????????????????????? | +----------------------------------------------------+ Best States ------------- Heat Dissipation 25 Energy Generation 10 Energy Capacity 125 Matter Stores 300 Matter Capacity 300 Sight Range 16 Terrain Scan Density 10 Armor Coverage 100 Resistance: KI 10 Evasion (%) 40 Recoil Reduction 2 Item Schematics ----------------- None Robot Schematics ------------------ None Fabricated ------------ Nothing Repaired ---------- Nothing Studied --------- None Alien Tech Used ----------------- None Achievements -------------- None Challenges ------------ None Game ------ Seed FissionChargePulseblaster Manual? 0 Play Time 00:11:14 Cumulative 693.6 hours Start 2026.02.11 @ 14:10:23 End 2026.02.11 @ 14:21:11 Sessions 3 Manual Loads 0 Difficulty Rogue Special Mode None Game No. 862 Rogue 862 Adventurer 0 Explorer 0 Win Type - Total 25 Types 12/1/3/3/2/0/2/2/0/0 Lore% 96 Gallery% 91 Achievement% 82 Wizard Run 0 Options --------- Layout 2 ASCII 0 Keyboard 0 Movement Mouse Keybinds 0 Fullscreen 2 Font 24/Tamsyn Map View 50x44 Zoom Use 0% Tactical HUD 1 Map Filters NONE Filters NONE Steam 1 RUN: 999bb65c-bd17-468f-974b-3460985e30c9